 Dungeon Crawl Stone Soup version 0.29.0-11-gd7f09526c8 (webtiles) character file.

Game seed: 4711727761771145134

14973 RascalDebosk the Cleaver (level 11, -11/151 HPs)
             Began as a Minotaur Berserker on Sept 6, 2022.
             Was a Priest of Trog.
             Mangled by a polar bear (shapeshifter) (13 damage)
             ... on level 13 of the Dungeon.
             The game lasted 01:31:43 (14679 turns).

RascalDebosk the Cleaver (Minotaur Berserker)      Turns: 14679, Time: 01:31:44

Health: -11/151    AC: 15    Str: 31    XL:     11   Next: 95%
Magic:  10/10      EV: 10    Int:  4    God:    Trog [***...]
Gold:   674        SH:  0    Dex: 11    Spells: 10/10 levels left

rFire   + . .      SeeInvis .   M - +3 battleaxe (freeze)
rCold   . . .      Faith    .   (shield currently unavailable)
rNeg    . . .      Spirit   .   F - +1 chain mail {rF+}
rPois   .          Reflect  .   (helmet restricted)
rElec   .          Harm     .   t - +1 cloak
rCorr   +          Rampage  .   (no gloves)
Will    .....                   (no boots)
Stlth   ..........              (no amulet)
HPRegen 0.35/turn               r - +6 ring of strength
MPRegen 0.12/turn               D - ring of resist corrosion

@: berserking, very quick
A: horns 2, retaliatory headbutt
a: Renounce Religion, Berserk, Trog's Hand


You were on level 13 of the Dungeon.
You worshipped Trog.
Trog was most pleased with you.
You visited 2 branches of the dungeon, and saw 14 of its levels.

You collected 674 gold pieces.

Inventory:

Hand Weapons
 A - a +0 trident
 M - a +3 battleaxe of freezing (weapon)
 N - a +0 battleaxe
Missiles
 f - 21 poisoned darts
 g - 5 boomerangs
 p - a javelin (quivered)
 y - a curare-tipped dart
Armour
 q - a +3 chain mail
 t - a +1 cloak (worn)
 F - a +1 chain mail of fire resistance (worn)
Jewellery
 r - a +6 ring of strength (left hand)
 D - a ring of resist corrosion (right hand)
 G - a +4 ring of slaying
 K - a ring of ice
Wands
 l - a wand of flame (1)
 B - a wand of mindburst (13)
 H - a wand of quicksilver (3)
 L - a wand of charming (1)
Scrolls
 a - a scroll of blinking
 e - 4 scrolls of teleportation
 s - a scroll of poison
 x - a scroll of fear
 C - 3 scrolls of vulnerability
Potions
 b - a potion of ambrosia
 d - a potion of cancellation
 h - a potion of mutation
 i - a potion of invisibility
 j - 6 potions of curing
 k - 2 potions of magic
 n - a potion of resistance
 o - 2 potions of attraction
 u - a potion of lignification {unknown}
 v - 2 potions of berserk rage
 z - a potion of degeneration {unknown}
 E - 3 potions of flight
Miscellaneous
 w - a phantom mirror (inert)


   Skills:
 + Level 10.6 Fighting
 * Level 11.8 Axes
 * Level 9.6 Throwing
 + Level 10.2 Armour
 - Level 2.1 Dodging
 * Level 7.4 Evocations


You had 10 spell levels left.
You didn't know any spells.
Your spell library was empty.

Dungeon Overview and Level Annotations

Branches:
Dungeon (13/15)            Temple (1/1) D:6            Lair (0/5) D:11
    Orc (0/2) D:9
 Vaults: D:13-14

Altars:
Ashenzari
Cheibriados
Dithmenos
Elyvilon
Fedhas
Gozag
Hepliaklqana
Kikubaaqudgha
Makhleb
Nemelex Xobeh
Okawaru
Qazlal
Ru
Sif Muna
Trog
Uskayaw
Vehumet
Wu Jian
Xom
Yredelemnul
Zin
The Shining One

Shops:
D:9 [

Annotations:
D:10 exclusion: ice statue


Innate Abilities, Weirdness & Mutations

You have a pair of horns on your head.
You reflexively headbutt those who attack you in melee.


Message History

You closely miss the centaur warrior. You headbutt the centaur warrior.
The centaur warrior is moderately wounded.
The cane toad changes into a polar bear!
The centaur warrior completely misses you.
The centaur warrior kicks you but does no damage.
The centaur warrior hits you but does no damage.
The centaur warrior kicks you.
* * * LOW HITPOINT WARNING * * *
A red film seems to cover your vision as you go berserk!
You feel yourself moving faster!
You feel mighty! The centaur warrior barely misses you.
The centaur warrior misses you.
You slice the centaur warrior!! You freeze the centaur warrior.
The centaur warrior is severely wounded.
The centaur warrior hits you!
* * * LOW HITPOINT WARNING * * *
The centaur warrior closely misses you.
You hit the centaur warrior. You freeze the centaur warrior.
The centaur warrior is almost dead.
The centaur warrior barely misses you.
The centaur warrior kicks you but does no damage.
You hit the centaur warrior. You freeze the centaur warrior.
You headbutt the centaur warrior.
You kill the centaur warrior!
Trog accepts your kill.
You hit the polar bear. You freeze the polar bear.
The polar bear is lightly wounded.
The polar bear bites you!
* * * LOW HITPOINT WARNING * * *
The polar bear claws you but does no damage.
The polar bear claws you.
* * * LOW HITPOINT WARNING * * *
You slash the polar bear! You freeze the polar bear.
The polar bear is heavily wounded.
You slice the polar bear!! You freeze the polar bear.
The polar bear is almost dead.
The polar bear goes berserk!
You barely miss the polar bear. Your headbutt misses the polar bear.
The polar bear is almost dead.
The polar bear bites you!
You die...

##..♣.~.P #.# ..~~.~(
#<# #P~~~.~~ #.#
.~~~~~. #.# .~.≈~~~.
#.#####
.~~≈≈~S.#######.....#.#
♣~P~~~P...............#
..~~.~~##h#########.###
..~P~~SP#@# ..
#.♣~~~P#..# ##
#..P.P...## #####....#
######


You could see a polar bear shaped shifter (berserk).

Vanquished Creatures
  2 hydras
  Fannar (D:10)
  Erolcha (D:9)
  A boulder beetle (D:11)
  A centaur warrior (D:13)
  A two-headed ogre (D:8)
  Amaemon (D:11)
  The ghost of SensoryNuts the Basher, a novice GrFi (D:7)
  A manticore (D:11)
  2 ugly things
  A gargoyle (D:12)
  Maggie (D:7)
  An orange demon (D:11)
  An unseen horror (D:12)
  3 kobold demonologists (D:11)
  2 trolls
  4 yaks
  A vampire (D:7)
  A water elemental (D:11)
  A wraith (D:10)
  A steam dragon (D:6)
  Menkaure (D:7)
  A vampire mosquito (D:7)
  2 acid dragons
  2 water moccasins
  An ice beast (D:7)
  2 orc warriors
  2 black bears
  2 sky beasts
  3 centaurs
  4 wolves (D:11)
  A phantom (D:7)
  4 kobold brigands
  Blork the orc (D:6)
  3 bullfrogs
  3 necrophages (D:7)
  5 scorpions
  17 wights
  2 howler monkeys
  3 electric eels (D:11)
  7 hounds
  7 orc priests
  3 jellies
  3 gnoll boudas
  Jessica (D:2)
  7 orc wizards
  15 gnolls
  4 adders
  2 shadow imps
  5 white imps
  7 dart slugs
  23 orcs
  6 bats
  4 endoplasms
  2 giant cockroaches
  3 goblins (D:3)
  8 hobgoblins
  6 jackals (D:1)
  2 quokkas
  7 ball pythons
  2 frilled lizards (D:3)
  21 kobolds
  6 rats
239 creatures vanquished.

Vanquished Creatures (others)
  5 plants (D:13)
5 creatures vanquished.

Grand Total: 244 creatures vanquished

Notes
Turn   | Place    | Note
-------+----------+-------------------------------------------
     0 | D:1      | RascalDebosk the Minotaur Berserker began the quest for the
                  | Orb.
     0 | D:1      | Reached XP level 1. HP: 19/19 MP: 0/0
   255 | D:1      | Reached XP level 2. HP: 24/27 MP: 1/1
   307 | D:1      | Reached skill level 1 in Evocations
   671 | D:1      | Found a faded altar of an unknown god.
   867 | D:2      | Noticed Jessica
   873 | D:2      | Killed Jessica
   874 | D:2      | Reached skill level 4 in Axes
   874 | D:2      | Reached skill level 1 in Throwing
   874 | D:2      | Reached XP level 3. HP: 31/33 MP: 2/2
   902 | D:2      | Reached ** piety under Trog
  1855 | D:3      | Reached XP level 4. HP: 40/40 MP: 3/3
  1975 | D:3      | Found a shimmering blue altar of Sif Muna.
  2297 | D:3      | Found an iron altar of Okawaru.
  2620 | D:3      | Noticed a black bear
  2628 | D:3      | Killed a black bear
  2629 | D:3      | Reached XP level 5. HP: 25/47 MP: 4/4
  3122 | D:4      | Reached XP level 6. HP: 53/53 MP: 5/5
  3470 | D:5      | Entered Level 5 of the Dungeon
  4049 | D:5      | Found an ornate altar of the Wu Jian Council.
  4189 | D:5      | Reached skill level 5 in Fighting
  4189 | D:5      | Reached skill level 5 in Axes
  4280 | D:6      | Reached XP level 7. HP: 58/61 MP: 6/6
  4300 | D:6      | Reached *** piety under Trog
  4388 | D:6      | Found a staircase to the Ecumenical Temple.
  4394 | Temple   | Entered the Ecumenical Temple
  4716 | D:6      | Noticed a steam dragon
  4722 | D:6      | Killed a steam dragon
  4836 | D:6      | Reached skill level 5 in Armour
  4971 | D:6      | Found a hazy altar of Hepliaklqana.
  4971 | D:6      | Found a faded altar of an unknown god.
  4972 | D:6      | Noticed Blork the orc
  4979 | D:6      | Killed Blork the orc
  5149 | D:6      | Reached XP level 8. HP: 70/70 MP: 7/7
  5151 | D:6      | Found a white marble altar of Elyvilon.
  5211 | D:6      | Reached skill level 6 in Axes
  5372 | D:6      | Found a snail-covered altar of Cheibriados.
  5656 | D:7      | Noticed Menkaure
  5660 | D:7      | Killed Menkaure
  5797 | D:7      | Found a stormy altar of Qazlal.
  5942 | D:7      | Noticed Maggie
  5965 | D:7      | Killed Maggie
  5966 | D:7      | Reached skill level 7 in Axes
  5966 | D:7      | Reached skill level 5 in Throwing
  6137 | D:7      | Reached XP level 9. HP: 26/75 MP: 8/8
  6590 | D:7      | Found a transporter.
  6595 | D:7      | Noticed SensoryNuts's ghost (novice GrFi)
  6625 | D:7      | Found a transporter.
  7195 | D:7      | Found a burning altar of Makhleb.
  7267 | D:7      | Reached skill level 8 in Axes
  7274 | D:7      | Killed SensoryNuts's ghost
  7308 | D:7      | HP: 4/82 [orc priest/divine providence (12)]
  7328 | D:7      | Identified the +6 dagger "Jellyslayer" {drain, Drain rElec
                  | rF+ MP+9}
  7506 | D:8      | Found a basalt altar of Yredelemnul.
  7510 | D:8      | Found a hide-covered altar of Uskayaw.
  7514 | D:8      | Found a shimmering altar of Xom.
  7630 | D:8      | Noticed a two-headed ogre
  7635 | D:8      | Killed a two-headed ogre
  7636 | D:8      | Reached skill level 9 in Axes
  7636 | D:8      | Reached XP level 10. HP: 91/91 MP: 9/9
  7774 | D:8      | Reached **** piety under Trog
  8149 | D:8      | Identified the +5 sling of the Writhing Gods {venom, rC++
                  | Will++ Dex-4}
  8817 | D:9      | Found Dituisi's Armour Shoppe.
  8817 | D:9      | Found a staircase to the Orcish Mines.
  8837 | D:9      | HP: 4/123 [orc warrior/+1 halberd of venom (16)]
  8843 | D:9      | HP: 3/84 [poisoned by an orc warrior]
  9514 | D:9      | You fall into a shaft and drop 3 floors!
  9571 | D:12     | Noticed an eight-headed hydra
  9603 | D:12     | HP: 1/86 [eight-headed hydra (8)]
  9604 | D:12     | Killed an eight-headed hydra
  9605 | D:12     | Reached skill level 5 in Evocations
  9945 | D:12     | Noticed a brown ugly thing
  9956 | D:12     | Killed a brown ugly thing
  9959 | D:12     | Reached skill level 10 in Axes
 10204 | D:12     | Noticed a gargoyle
 10213 | D:12     | Killed a gargoyle
 11128 | D:11     | Noticed a manticore
 11139 | D:11     | Killed a manticore
 11144 | D:11     | Reached XP level 11. HP: 32/99 MP: 10/10
 11411 | D:11     | Found a staircase to the Lair.
 11927 | D:11     | Noticed a green ugly thing
 11941 | D:11     | Killed a green ugly thing
 12140 | D:11     | Noticed a boulder beetle
 12153 | D:11     | Killed a boulder beetle
 12154 | D:11     | Reached skill level 10 in Fighting
 12416 | D:11     | Noticed a four-headed hydra
 12428 | D:11     | Killed a four-headed hydra
 12496 | D:11     | Noticed Amaemon
 12509 | D:11     | Killed Amaemon
 12510 | D:11     | Reached skill level 11 in Axes
 13101 | D:10     | Entered Level 10 of the Dungeon
 13131 | D:10     | Found a sacrificial altar of Ru.
 13177 | D:10     | Reached skill level 10 in Armour
 13884 | D:10     | Noticed Fannar
 13894 | D:10     | Killed Fannar
 14254 | D:9      | Noticed Erolcha
 14262 | D:9      | Killed Erolcha
 14656 | D:13     | Noticed a centaur warrior
 14675 | D:13     | Killed a centaur warrior
 14676 | D:13     | HP: 4/151 [polar bear (shapeshifter) (11)]
 14676 | D:13     | HP: 1/151 [polar bear (shapeshifter) (3)]
 14679 | D:13     | Mangled by a polar bear (shapeshifter)

Illustrated notes

Levels and vault maps discovered:
D:1:      elethiomel_arrival_infinity_welcomes_careful_drivers, layout_basic,
          chequers_ecumenical_altar_simple, minmay_crystal_room
D:2:      layout_loops_corners, uniq_jessica
D:3:      layout_loops_cross, okawaru_ov_weapons_minmay, led_sif_book
D:4:      layout_rooms
D:5:      layout_loops_cross, marbit_many_paths
D:6:      layout_loops_ring, elyvilon_altar_4, lemuel_tele_altar,
          beargit_hepliaklqana_dungeon_heroes,
          minmay_temple_entry_enclosed_plants
D:7:      layout_layer_cave, makhleb_grotto_becter,
          nicolae_qazlal_scattered_showers, nzn_ghost_randoct, uniq_menkaure,
          uniq_maggie
D:8:      layout_gridville, grunt_temple_overflow_diamond
D:9:      layout_long_grid, orc_david_3, uniq_erolcha
D:10:     lemuel_ice_statue, layout_basic, kennysheep_mini,
          minmay_rotating_lava, uniq_fannar
D:11:     layout_loops_ring, erik_lair_island, serial_ice, serial_ice_c,
          serial_ice_m, serial_ice_b, serial_ice_g, uniq_amaemon
D:12:     layout_cross
D:13:     layout_loops_ring, serial_shops, shop_fountains, serial_bayou_pond_b,
          grunt_decor_mini_mirrors, xom_redecorated
Temple:   chequers_temple_sunken

Skill      XL: |  1  2  3  4  5  6  7  8  9 10 11 |
---------------+----------------------------------+-----
Evocations     | 1 2 3 4 5 7 |  7.4
Fighting       | 4 5 7 9 10 | 10.6
Axes           | 4 5 7 9 10 11 | 11.8
Throwing       | 1 2 3 5 6 8 9 |  9.6
Armour         | 3 4 5 6 8 9 10 | 10.2
Dodging        | |  2.1

Action                   |  1- 3 |  4- 6 |  7- 9 | 10-12 || total
-------------------------+-------+-------+-------+-------++-------
Melee: Hand axe          |    65 |    59 |       |       ||   124
       Headbutt          |     5 |    10 |    38 |    46 ||    99
       War axe           |       |    49 |   187 |   225 ||   461
       Punch             |       |       |     2 |     2 ||     4
       Dagger            |       |       |       |     2 ||     2
       Battleaxe         |       |       |       |    16 ||    16
       Trident           |       |       |       |     5 ||     5
Throw: Dart              |     3 |       |     3 |       ||     6
       Javelin           |       |       |     6 |    11 ||    17
Invok: Berserk           |     1 |     4 |     9 |    15 ||    29
       Trog's Hand       |     1 |     1 |     3 |    10 ||    15
Evoke: Wand              |       |       |       |     6 ||     6
       Phantom mirror    |       |       |       |     2 ||     2
  Use: Scroll            |       |    12 |     4 |    11 ||    27
       Potion            |       |       |     4 |     3 ||     7
Armor: Animal skin       |    11 |     5 |       |       ||    16
       Chain mail        |       |    45 |   107 |   144 ||   296
Dodge: Dodged            |    44 |    47 |    89 |   126 ||   306
